 Dungeon Crawl Stone Soup version 0.31-a0-700-gf13585253f (webtiles) character file.

Game seed: 10901415265135416779

11450 qw the Skirmisher (level 11, -4/72 HPs)
             Began as a Gargoyle Hunter on Sept 7, 2023.
             Was an Elder of Okawaru.
             Slain by a skeletal warrior
             ... wielding a +0 battleaxe
              (11 damage)
             ... on level 11 of the Dungeon.
             The game lasted 00:04:48 (8701 turns).

qw the Skirmisher (Gargoyle Hunter)                 Turns: 8701, Time: 00:04:49

Health: -4/72      AC: 21    Str: 15    XL:     11   Next: 77%
Magic:  13/15      EV: 21    Int: 10    God:    Okawaru [****..]
Gold:   422        SH:  0    Dex: 17    Spells: 10/10 levels left

rFire   . . .        Y - +0 orcbow
rCold   . . .        (shield currently unavailable)
rNeg    + . .        h - +0 acid dragon scales
rPois   inf          c - +0 helmet
rElec   +            p - scarf {repulsion}
rCorr   +            b - +0 pair of gloves
SInv    +            l - +0 pair of boots
Will    .....        m - amulet of regeneration
Stlth   +++          r - +5 ring of evasion
HPRegen 1.12/turn    u - ring of see invisible
MPRegen 0.14/turn

%: repel missiles
@: about to teleport, heroic, flying
A: sickness immunity, AC +8, negative energy resistance 1, electricity
resistance, torment resistance 1, petrification resistance, big wings
a: Renounce Religion, Heroism, Finesse


You were on level 11 of the Dungeon.
You worshipped Okawaru.
Okawaru was greatly pleased with you.
You visited 2 branches of the dungeon, and saw 12 of its levels.
You also visited: Ossuary.

You collected 720 gold pieces.
You spent 298 gold pieces at shops.


Innate Abilities, Weirdness & Mutations

You are immune to sickness and miasma.
Your stone body is resilient. (AC +8)
You are immune to poison.
You resist negative energy. (rN+)
You are resistant to electric shocks. (rElec)
You are resistant to unholy torment.
You are immune to petrification.
Your large and strong wings let you fly.


   Skills:
 - Level 10.0(15.0) Fighting
 + Level 14.0(19.0) Ranged Weapons
 - Level 6.0(11.0) Armour
 - Level 4.0(9.0) Dodging
 - Level 1.1(6.1) Stealth
 + Level 5.4 Invocations


You had 10 spell levels left.
You didn't know any spells.
Your spell library was empty.

Inventory:

Hand Weapons
 Y - a +0 orcbow (weapon)
Armour
 b - a +0 pair of gloves (worn)
 c - a +0 helmet (worn)
 h - +0 acid dragon scales (worn)
 l - a +0 pair of boots (worn)
 o - a +0 cloak
 p - a scarf of repulsion (worn)
 q - +0 steam dragon scales
Jewellery
 m - an amulet of regeneration (around neck)
 r - a +5 ring of evasion (left hand)
 u - a ring of see invisible (right hand)
Scrolls
 a - a scroll of identify
 e - a scroll of teleportation
Potions
 d - a potion of magic
 f - a potion of curing
 g - 2 potions of mutation
 i - 6 potions of enlightenment
 j - 2 potions of might
 k - 2 potions of haste
 s - a potion of degeneration {unknown}
 v - a potion of cancellation

Dungeon Overview and Level Annotations

Branches:
Dungeon (11/15)            Temple (1/1) D:7            Lair (0/5) D:11
Ossuary (visited)
    Orc: D:9-12

Altars:
Ashenzari
Cheibriados
Dithmenos
Elyvilon
Fedhas
Gozag
Hepliaklqana
Kikubaaqudgha
Makhleb
Nemelex Xobeh
Okawaru
Qazlal
Ru
Sif Muna
Trog
Uskayaw
Vehumet
Wu Jian
Xom
Yredelemnul
Zin
The Shining One

Shops:
D:3 !(   D:5 (   D:8 *

Portals:
Trove: D:10 (give +3 gold dragon scales)

Annotations:
D:6 2 transporters, 1 runed translucent door, Crazy Yiuf; qw's ghost, novice MiHs


Message History

The arrow closely misses the skeletal warrior.
The arrow hits the skeletal warrior but does no damage.
The skeletal warrior is severely damaged.
The skeletal warrior hits you with a +0 battleaxe!
The skeletal warrior hits you but does no damage.
You shoot an arrow.
The arrow barely misses the skeletal warrior.
The arrow closely misses the skeletal warrior.
The arrow hits the yak!
The yak is moderately wounded.
The skeletal warrior hits you but does no damage.
The skeletal warrior misses you.
You shoot an arrow. The arrow hits the skeletal warrior!
The skeletal warrior is lightly damaged.
The skeletal warrior completely misses you.
The skeletal warrior hits you from afar with a +0 halberd.
You shoot an arrow.
The arrow barely misses the skeletal warrior.
The arrow hits the skeletal warrior but does no damage.
The skeletal warrior is severely damaged.
The skeletal warrior hits you with a +0 battleaxe!!
The skeletal warrior hits you from afar with a +0 trident.
The skeletal warrior hits you but does no damage.
8699 ||| READING 2 scrolls of teleportation.
As you read the scroll of teleportation, it crumbles to dust.
You feel strangely unstable.
The skeletal warrior completely misses you.
The skeletal warrior hits you but does no damage.
The skeletal warrior barely misses you.
8700 ||| DRINKING potion of heal wounds.
You feel much better.
The skeletal warrior hits you with a +0 battleaxe!!
The skeletal warrior barely misses you.
The skeletal warrior hits you but does no damage.
You shoot an arrow.
The arrow barely misses the skeletal warrior.
The arrow hits the skeletal warrior but does no damage.
The skeletal warrior is severely damaged.
The skeletal warrior hits you with a +0 battleaxe!
You die...

#.....# ##....Y #....#+## #....z.
#.......# #Y..z.. #......#
+...... #......# #......
#......###.Y.... #...............
#########zY.............
.......@zzYY...(........
###.....####Y.###########
##.........##..# .......
##..P........#..# .......
...P......P.....# .......
.......>........# .......
................# .......
.#######...........#..# .......
.#.)...##.........##..###########


You could see 3 skeletal warriors and 4 yaks.

Vanquished Creatures
  Harold (D:10)
  3 two-headed ogres
  Amaemon (D:9)
  Nergalle (D:10)
  Joseph (D:9)
  An orange demon (D:9)
  A kobold demonologist (D:9)
  A troll (D:10)
  9 yaks
  A wyvern (D:11)
  A wraith (D:7)
  A basilisk (D:11)
  Eustachio (D:4)
  2 steam dragons (D:8)
  An acid dragon (D:9)
  3 water moccasins
  4 orc warriors
  4 black bears
  A sky beast (D:6)
  2 ogres
  A centaur (D:8)
  3 phantoms
  A kobold brigand (D:7)
  2 bullfrogs
  A gnoll sergeant (D:9)
  10 scorpions
  15 wights
  2 howler monkeys (D:11)
  A centaur zombie (Ossuary)
  3 human zombies (Ossuary)
  2 jellies
  A gnoll bouda (D:6)
  3 orc priests
  3 hounds
  2 iguanas
  8 scorpion zombies (Ossuary)
  Ijyb (D:4)
  14 orc wizards
  3 mummies (Ossuary)
  8 adders
  9 gnolls
  2 white imps
  3 ufetubi
  A worm (D:4)
  2 dart slugs (D:1)
  31 orcs
  4 ball pythons
  4 bats
  8 endoplasms
  3 giant cockroaches
  2 gnoll zombies (Ossuary)
  8 goblins
  12 hobgoblins
  5 jackals (D:3)
  2 quokkas
  3 frilled lizards
  2 goblin zombies (Ossuary)
  2 hobgoblin zombies (Ossuary)
  16 kobolds
  A kobold zombie (Ossuary)
  3 orc zombies (Ossuary)
  12 rats
259 creatures vanquished.

Notes
Turn   | Place    | Note
-------+----------+-------------------------------------------
     0 | D:1      | qw the Gargoyle Hunter began the quest for the Orb.
     0 | D:1      | Reached XP level 1. HP: 12/12 MP: 1/1
     0 | D:1      | 0 ||| qw: Version: 0.3-a-76-g4403597
     0 | D:1      | 0 ||| qw: Game counter: 576
     0 | D:1      | 0 ||| qw: Melee chars always use a shield: true
     0 | D:1      | 0 ||| qw: God list: Okawaru
     0 | D:1      | 0 ||| qw: Allow faded altars: false
     0 | D:1      | 0 ||| qw: Do Orc after clearing Dungeon:15 true
     0 | D:1      | 0 ||| qw: Do second Lair branch before Depths: true
     0 | D:1      | 0 ||| qw: Lair rune preference: random
     0 | D:1      | 0 ||| qw: Goals: Normal
     0 | D:1      | 0 ||| PLANNING D:1-11
     2 | D:1      | Noticed a demigod
     2 | D:1      | Noticed a meteoran
     4 | D:1      | Noticed an elf
     4 | D:1      | Noticed a human
     6 | D:1      | Noticed a troll
     6 | D:1      | Noticed a gargoyle
     8 | D:1      | Noticed a minotaur
    10 | D:1      | Noticed a spriggan
    10 | D:1      | Noticed a demonspawn
    12 | D:1      | Noticed a vine stalker
    14 | D:1      | Noticed an ogre
    16 | D:1      | Noticed a felid
    16 | D:1      | Noticed an armataur
    18 | D:1      | Noticed a draconian
    18 | D:1      | Noticed a merfolk
    20 | D:1      | Noticed a vampire
    20 | D:1      | Noticed a naga
    22 | D:1      | Noticed a ghoul
    22 | D:1      | Noticed a formicid
    24 | D:1      | Noticed a human
    24 | D:1      | Noticed a tengu
    26 | D:1      | Noticed a meteoran
    26 | D:1      | Noticed a meteoran
    87 | D:1      | Reached XP level 2. HP: 11/17 MP: 2/2
   277 | D:1      | 277 ||| Stepping ~*~*~tactically~*~*~ (outnumbered).
   279 | D:1      | 279 ||| Stepping ~*~*~tactically~*~*~ (outnumbered).
   281 | D:1      | 281 ||| Stepping ~*~*~tactically~*~*~ (outnumbered).
   287 | D:1      | Reached XP level 3. HP: 21/21 MP: 3/3
   296 | D:1      | Reached skill level 5 in Ranged Weapons
   809 | D:1      | 809 ||| READING scroll labelled PIRGHATHR CAOPPAHINT.
   810 | D:1      | 810 ||| READING 2 scrolls labelled FUSITE TAST.
   811 | D:1      | 811 ||| READING scroll labelled NULLEG LAENAS.
   812 | D:1      | 812 ||| READING scroll labelled GOLIDO LUGH.
   813 | D:1      | 813 ||| READING scroll labelled BOYRI RIGHITHA.
   818 | D:1      | 818 ||| DROPPING scroll of butterflies.
   819 | D:1      | 819 ||| DROPPING scroll of immolation.
   849 | D:2      | 849 ||| STAIRDANCE
   856 | D:1      | Reached skill level 3 in Fighting
   885 | D:2      | Reached XP level 4. HP: 28/28 MP: 4/4
  1350 | D:2      | 1350 ||| UPGRADING to +0 pair of gloves.
  1355 | D:2      | 1355 ||| UPGRADING to +0 ring mail.
  1365 | D:2      | 1365 ||| DROPPING +0 leather armour.
  1366 | D:2      | 1366 ||| READING 2 scrolls of identify.
  1366 | D:2      | 1366 ||| IDENTIFYING metallic emerald potion
  1367 | D:2      | 1367 ||| DROPPING potion of lignification.
  1471 | D:3      | Reached XP level 5. HP: 32/32 MP: 5/5
  1486 | D:3      | Found Ceiloena's Antique Weapon Boutique.
  1535 | D:3      | Reached skill level 1 in Armour
  1669 | D:3      | Found Sinirch's Distillery.
  1678 | D:3      | 1678 ||| BUYING potion of enlightenment (65 gold).
  1678 | D:3      | Bought a potion of enlightenment for 65 gold pieces
  1678 | D:3      | 1678 ||| SHOPLISTING potion of haste (130 gold, have 77).
  1678 | D:3      | 1678 ||| BUYING potion of might (52 gold).
  1678 | D:3      | Bought a potion of might for 52 gold pieces
  1801 | D:3      | Reached skill level 6 in Ranged Weapons
  1829 | D:3      | Found a sparkling altar of Nemelex Xobeh.
  1965 | D:3      | Noticed an ogre
  1969 | D:3      | Killed an ogre
  1970 | D:3      | Reached XP level 6. HP: 14/39 MP: 6/6
  2407 | D:3      | 2407 ||| READING scroll labelled ZOBLEHUOFI.
  2408 | D:3      | 2408 ||| DRINKING 2 dark potions.
  2408 | D:3      | Gained mutation: Your large and strong wings let you fly.
                  | [potion of mutation]
  2409 | D:3      | 2409 ||| READING 3 scrolls of identify.
  2409 | D:3      | 2409 ||| IDENTIFYING ruby potion
  2410 | D:3      | 2410 ||| READING 2 scrolls of identify.
  2410 | D:3      | 2410 ||| IDENTIFYING clear potion
  2411 | D:3      | 2411 ||| DROPPING potion of attraction.
  2468 | D:4      | 2468 ||| RETREATING.
  2469 | D:4      | 2469 ||| Stepping ~*~*~tactically~*~*~ (outnumbered).
  2473 | D:4      | 2473 ||| Stepping ~*~*~tactically~*~*~ (retreating).
  2474 | D:4      | 2474 ||| Stepping ~*~*~tactically~*~*~ (retreating).
  2593 | D:4      | Reached skill level 7 in Ranged Weapons
  2593 | D:4      | Reached XP level 7. HP: 37/44 MP: 7/7
  2894 | D:4      | Noticed Ijyb
  2898 | D:4      | Killed Ijyb
  2920 | D:4      | Found a white marble altar of Elyvilon.
  3129 | D:4      | Noticed Eustachio
  3134 | D:4      | 3134 ||| Stepping ~*~*~tactically~*~*~ (retreating).
  3138 | D:4      | 3138 ||| Stepping ~*~*~tactically~*~*~ (retreating).
  3142 | D:4      | 3142 ||| FLEEEEING.
  3143 | D:4      | 3143 ||| FLEEEEING.
  3144 | D:4      | 3144 ||| FLEEEEING.
  3145 | D:4      | 3145 ||| FLEEEEING.
  3146 | D:4      | 3146 ||| FLEEEEING.
  3147 | D:4      | 3147 ||| FLEEEEING.
  3149 | D:4      | 3149 ||| STAIRDANCE
  3168 | D:3      | 3168 ||| UPGRADING to +0 helmet.
  3190 | D:4      | 3190 ||| Stepping ~*~*~tactically~*~*~ (retreating).
  3191 | D:4      | 3191 ||| Stepping ~*~*~tactically~*~*~ (retreating).
  3197 | D:4      | Killed Eustachio
  3198 | D:4      | Reached skill level 3 in Armour
  3279 | D:5      | Entered Level 5 of the Dungeon
  3402 | D:5      | 3402 ||| READING scroll of enchant weapon.
  3402 | D:5      | 3402 ||| ENCHANTING +0 heavy shortbow.
  3445 | D:5      | Reached skill level 8 in Ranged Weapons
  3481 | D:5      | Found Sunwex's Weapon Shop.
  3527 | D:5      | 3527 ||| DROPPING +4 sling.
  3560 | D:5      | Found a bloodstained altar of Trog.
  3561 | D:5      | 3561 ||| RETREATING.
  3563 | D:5      | 3563 ||| Stepping ~*~*~tactically~*~*~ (retreating).
  3565 | D:5      | 3565 ||| Stepping ~*~*~tactically~*~*~ (retreating).
  3566 | D:5      | 3566 ||| Stepping ~*~*~tactically~*~*~ (retreating).
  3567 | D:5      | 3567 ||| Stepping ~*~*~tactically~*~*~ (retreating).
  3568 | D:5      | 3568 ||| Stepping ~*~*~tactically~*~*~ (retreating).
  3569 | D:5      | 3569 ||| Stepping ~*~*~tactically~*~*~ (retreating).
  3570 | D:5      | 3570 ||| Stepping ~*~*~tactically~*~*~ (retreating).
  3571 | D:5      | 3571 ||| Stepping ~*~*~tactically~*~*~ (retreating).
  3580 | D:5      | HP: 10/44 [orc warrior/+0 glaive (8)]
  3581 | D:5      | 3581 ||| READING scroll of teleportation.
  3582 | D:5      | 3582 ||| DRINKING potion of heal wounds.
  3622 | D:5      | 3622 ||| FLEEEEING.
  3623 | D:5      | 3623 ||| FLEEEEING.
  3627 | D:5      | Reached XP level 8. HP: 46/49 MP: 8/8
  3763 | D:5      | Found a blossoming altar of Fedhas.
  3852 | D:5      | 3852 ||| FLEEEEING.
  3853 | D:5      | 3853 ||| FLEEEEING.
  3915 | D:5      | Found a hide-covered altar of Uskayaw.
  3917 | D:5      | Found an ancient bone altar of Kikubaaqudgha.
  4226 | D:5      | 4226 ||| UPGRADING to +0 pair of boots.
  4231 | D:5      | 4231 ||| READING scroll labelled FITOWURUMA.
  4232 | D:5      | 4232 ||| READING 5 scrolls of identify.
  4232 | D:5      | 4232 ||| IDENTIFYING brown potion
  4233 | D:5      | 4233 ||| READING 4 scrolls of identify.
  4233 | D:5      | 4233 ||| IDENTIFYING metallic yellow potion
  4234 | D:5      | 4234 ||| DROPPING potion of brilliance.
  4291 | D:6      | Reached skill level 9 in Ranged Weapons
  4303 | D:6      | Reached skill level 6 in Fighting
  4397 | D:6      | 4397 ||| UPGRADING to amulet of regeneration.
  4402 | D:6      | 4402 ||| READING 3 scrolls of identify.
  4402 | D:6      | 4402 ||| IDENTIFYING fuming purple potion
  4405 | D:6      | 4405 ||| STAIRDANCE
  4492 | D:6      | 4492 ||| DRINKING 2 potions of curing.
  4492 | D:6      | 4492 ||| (to cure confusion)
  4496 | D:6      | Reached XP level 9. HP: 55/55 MP: 9/9
  4506 | D:6      | Found a transporter.
  4565 | D:6      | 4565 ||| READING scroll labelled LEIWKETEYM.
  4579 | D:6      | 4579 ||| FLEEEEING.
  4580 | D:6      | 4580 ||| RETREATING.
  4583 | D:6      | 4583 ||| Stepping ~*~*~tactically~*~*~ (retreating).
  4600 | D:6      | Reached skill level 10 in Ranged Weapons
  4641 | D:6      | Found a transporter.
  4641 | D:6      | Noticed qw's ghost (novice MiHs)
  4682 | D:6      | Found a runed translucent door.
  4683 | D:6      | Noticed Crazy Yiuf
  5110 | D:7      | 5110 ||| Stepping ~*~*~tactically~*~*~ (outnumbered).
  5112 | D:7      | 5112 ||| Stepping ~*~*~tactically~*~*~ (outnumbered).
  5397 | D:7      | 5397 ||| RETREATING.
  5459 | D:7      | Found a radiant altar of Vehumet.
  5469 | D:7      | Reached skill level 11 in Ranged Weapons
  5510 | D:7      | Found a staircase to the Ecumenical Temple.
  5511 | D:7      | 5511 ||| PLANNING TEMPLE
  5518 | Temple   | Entered the Ecumenical Temple
  5519 | Temple   | 5519 ||| PLANNING D:1-11
  5555 | D:7      | Found an iron altar of Okawaru.
  5556 | D:7      | 5556 ||| PLANNING OKAWARU WORSHIP
  5563 | D:7      | Became a worshipper of Warmaster Okawaru
  5564 | D:7      | 5564 ||| PLANNING D:1-11
  5704 | D:8      | 5704 ||| PLANNING OSSUARY
  5724 | D:8      | Reached skill level 3 in Dodging
  5738 | D:8      | Found Kaent's Neck Hole.
  5744 | D:8      | 5744 ||| BUYING +0 cloak (49 gold).
  5744 | D:8      | Bought a +0 cloak for 49 gold pieces
  5744 | D:8      | 5744 ||| SHOPLISTING amulet of faith (440 gold, have 303).
  5744 | D:8      | 5744 ||| BUYING scarf of repulsion (132 gold).
  5744 | D:8      | Bought a scarf of repulsion for 132 gold pieces
  5744 | D:8      | 5744 ||| SHOPLISTING scarf of resistance (352 gold, have
                  | 171).
  5852 | D:8      | Reached * piety under Okawaru
  5853 | D:8      | 5853 ||| Stepping ~*~*~tactically~*~*~ (cloud).
  5880 | D:8      | Noticed a two-headed ogre
  5881 | D:8      | 5881 ||| INVOKING Heroism.
  5887 | D:8      | Killed a two-headed ogre
  5888 | D:8      | Reached XP level 10. HP: 56/64 MP: 7/10
  5967 | D:8      | Identified the +10 morningstar "Wopeinih" {flame, rPois}
  6061 | D:8      | Found a sand-covered staircase.
  6062 | D:8      | 6062 ||| UPGRADING to +0 cloak.
  6067 | D:8      | 6067 ||| UPGRADING to scarf of repulsion.
  6077 | D:8      | 6077 ||| UPGRADING to +0 steam dragon scales.
  6087 | D:8      | 6087 ||| DROPPING +0 ring mail.
  6097 | Ossuary  | Entered an ossuary
  6116 | Ossuary  | Reached skill level 12 in Ranged Weapons
  6116 | Ossuary  | Reached skill level 1 in Invocations
  6116 | Ossuary  | Reached ** piety under Okawaru
  6303 | Ossuary  | 6303 ||| Stepping ~*~*~tactically~*~*~ (retreating).
  6311 | Ossuary  | Reached skill level 3 in Invocations
  6386 | Ossuary  | 6386 ||| DROPPING amulet of the acrobat.
  6387 | Ossuary  | 6387 ||| READING scroll labelled EWOALEREFE.
  6388 | Ossuary  | 6388 ||| READING 3 scrolls of identify.
  6388 | Ossuary  | 6388 ||| IDENTIFYING sapphire potion
  6442 | D:8      | 6442 ||| PLANNING D:1-11
  6532 | D:8      | 6532 ||| SWAPPING to +0 orcbow.
  6533 | D:8      | 6533 ||| DROPPING +1 heavy shortbow.
  6666 | D:8      | 6666 ||| UPGRADING to +5 ring of evasion.
  6704 | D:9      | Noticed Amaemon
  6704 | D:9      | Noticed an orange demon
  6705 | D:9      | 6705 ||| Stepping ~*~*~tactically~*~*~ (outnumbered).
  6707 | D:9      | 6707 ||| Stepping ~*~*~tactically~*~*~ (outnumbered).
  6708 | D:9      | 6708 ||| INVOKING Heroism.
  6711 | D:9      | 6711 ||| Stepping ~*~*~tactically~*~*~ (outnumbered).
  6713 | D:9      | 6713 ||| RETREATING.
  6716 | D:9      | 6716 ||| Stepping ~*~*~tactically~*~*~ (outnumbered).
  6734 | D:9      | 6734 ||| INVOKING Heroism.
  6744 | D:9      | 6744 ||| DRINKING 2 potions of curing.
  6744 | D:9      | 6744 ||| (to cure confusion)
  6746 | D:9      | Killed Amaemon
  6752 | D:9      | Killed an orange demon
  6752 | D:9      | Reached *** piety under Okawaru
  6786 | D:9      | Noticed a two-headed ogre
  6787 | D:9      | 6787 ||| INVOKING Heroism.
  6796 | D:9      | Killed a two-headed ogre
  6797 | D:9      | Reached skill level 13 in Ranged Weapons
  6797 | D:9      | Reached XP level 11. HP: 66/68 MP: 11/14
  6846 | D:9      | Noticed Joseph
  6871 | D:9      | 6871 ||| INVOKING Heroism.
  6888 | D:9      | Killed Joseph
  6979 | D:9      | Reached skill level 9 in Fighting
  7166 | D:9      | 7166 ||| INVOKING Heroism.
  7243 | D:9      | Noticed a two-headed ogre
  7244 | D:9      | 7244 ||| INVOKING Heroism.
  7255 | D:9      | Killed a two-headed ogre
  7279 | D:9      | Found a burning altar of Makhleb.
  7542 | D:9      | 7542 ||| UPGRADING to +0 acid dragon scales.
  7552 | D:9      | 7552 ||| UPGRADING to ring of see invisible.
  7553 | D:9      | 7553 ||| READING 3 scrolls of identify.
  7553 | D:9      | 7553 ||| IDENTIFYING bubbling white potion
  7554 | D:9      | 7554 ||| DROPPING potion of berserk rage.
  7560 | D:10     | Entered Level 10 of the Dungeon
  7561 | D:10     | 7561 ||| INVOKING Heroism.
  7669 | D:10     | 7669 ||| INVOKING Heroism.
  7712 | D:10     | Found a portal to a secret trove of treasure.
  7743 | D:10     | Found a glowing golden altar of the Shining One.
  7776 | D:10     | Noticed Nergalle
  7777 | D:10     | 7777 ||| INVOKING Heroism.
  7781 | D:10     | 7781 ||| Stepping ~*~*~tactically~*~*~ (retreating).
  7782 | D:10     | 7782 ||| Stepping ~*~*~tactically~*~*~ (retreating).
  7783 | D:10     | 7783 ||| Stepping ~*~*~tactically~*~*~ (retreating).
  7784 | D:10     | 7784 ||| Stepping ~*~*~tactically~*~*~ (retreating).
  7785 | D:10     | 7785 ||| Stepping ~*~*~tactically~*~*~ (retreating).
  7786 | D:10     | 7786 ||| Stepping ~*~*~tactically~*~*~ (retreating).
  7803 | D:10     | Killed Nergalle
  7851 | D:10     | 7851 ||| INVOKING Heroism.
  7862 | D:10     | HP: 17/71 [yak (4)]
  7863 | D:10     | 7863 ||| READING 3 scrolls of teleportation.
  7866 | D:10     | 7866 ||| DRINKING 2 potions of heal wounds.
  7978 | D:10     | Reached skill level 14 in Ranged Weapons
  8036 | D:10     | Noticed Harold
  8037 | D:10     | 8037 ||| INVOKING Heroism.
  8055 | D:10     | Killed Harold
  8055 | D:10     | Reached **** piety under Okawaru
  8407 | D:10     | 8407 ||| READING scroll labelled REECHI RYCI.
  8408 | D:10     | 8408 ||| READING 2 scrolls of identify.
  8408 | D:10     | 8408 ||| IDENTIFYING fizzy yellow potion
  8435 | D:11     | 8435 ||| PLANNING GAUNTLET
  8578 | D:11     | Found a staircase to the Lair.
  8642 | D:11     | Reached skill level 6 in Armour
  8651 | D:11     | Noticed a skeletal warrior
  8652 | D:11     | 8652 ||| RETREATING.
  8653 | D:11     | 8653 ||| INVOKING Heroism.
  8668 | D:11     | Noticed a skeletal warrior
  8669 | D:11     | Noticed a skeletal warrior
  8670 | D:11     | 8670 ||| Stepping ~*~*~tactically~*~*~ (retreating).
  8671 | D:11     | 8671 ||| Stepping ~*~*~tactically~*~*~ (retreating).
  8675 | D:11     | 8675 ||| Stepping ~*~*~tactically~*~*~ (retreating).
  8676 | D:11     | 8676 ||| Stepping ~*~*~tactically~*~*~ (retreating).
  8677 | D:11     | 8677 ||| Stepping ~*~*~tactically~*~*~ (retreating).
  8678 | D:11     | 8678 ||| Stepping ~*~*~tactically~*~*~ (retreating).
  8679 | D:11     | 8679 ||| Stepping ~*~*~tactically~*~*~ (retreating).
  8680 | D:11     | 8680 ||| Stepping ~*~*~tactically~*~*~ (retreating).
  8681 | D:11     | 8681 ||| Stepping ~*~*~tactically~*~*~ (retreating).
  8682 | D:11     | 8682 ||| Stepping ~*~*~tactically~*~*~ (retreating).
  8683 | D:11     | 8683 ||| Stepping ~*~*~tactically~*~*~ (retreating).
  8688 | D:11     | 8688 ||| INVOKING Heroism.
  8698 | D:11     | HP: 12/72 [skeletal warrior/+0 battleaxe (23)]
  8699 | D:11     | 8699 ||| READING 2 scrolls of teleportation.
  8700 | D:11     | 8700 ||| DRINKING potion of heal wounds.
  8701 | D:11     | Slain by a skeletal warrior

Levels and vault maps discovered:
D:1:      kb_arrival_jail, layout_basic, chequers_serial_rivers_large_a
D:2:      layout_rooms
D:3:      layout_basic, nemelex_dance_club_becter, serial_shops, shop, shop
D:4:      layout_loops_cross, elyvilon_altar_5, uniq_ijyb, uniq_eustachio
D:5:      layout_basic, trog_ov_bears_minmay, nicolae_overflow_hidden_temple,
          serial_rivers, chequers_serial_rivers_small_b,
          chequers_serial_rivers_small_a, chequers_serial_rivers_micro_c,
          chequers_serial_rivers_micro_e, serial_shops,
          nicolae_shop_tiny_real_fake_doors
D:6:      layout_rooms, gammafunk_ghost_arena, uniq_crazy_yiuf_cottage
D:7:      layout_basic, okawaru_altar_gauntlet_db, vehumet_crystals,
          temple_green
D:8:      layout_loops_ring, enter_ossuary_1, nicolae_shop_sticking_my_neck_out
D:9:      layout_long_grid, kennysheep_mini, uniq_amaemon, uniq_joseph
D:10:     layout_small_grid, mainiacjoe_overflow_cross_hatched,
          nicolae_trove_entry_diagonal, uniq_harold, uniq_nergalle
D:11:     layout_irregular_city, david_lair_generic, gauntlet_entry_generic,
          uniq_josephine, uniq_maurice
Temple:   hellmonk_temple_flake

Skill      XL: |  1  2  3  4  5  6  7  8  9 10 11 |
---------------+----------------------------------+-----
Ranged Weapons | 5 6 7 8 9 11 13 14 | 14.0
Fighting       | 3 4 5 6 8 10 | 10.0
Armour         | 1 3 4 6 |  6.0
Dodging        | 2 3 4 |  4.0
Invocations    | 4 5 |  5.4
Stealth        | |  1.1

Action                     |  1- 3 |  4- 6 |  7- 9 | 10-12 || total
---------------------------+-------+-------+-------+-------++-------
   Fire: Shortbow          |   116 |   149 |   314 |   132 ||   711
         Orcbow            |       |       |       |   429 ||   429
 Invoke: Heroism           |       |       |     1 |    13 ||    14
    Use: Scroll            |     5 |     4 |     7 |     7 ||    23
         Potion            |       |     1 |     2 |     3 ||     6
 Armour: Leather armour    |    17 |    11 |       |       ||    28
         Ring mail         |       |    71 |   200 |       ||   271
         Steam dragon scal |       |       |       |   128 ||   128
         Acid dragon scale |       |       |       |    89 ||    89
  Dodge: Dodged            |    31 |    61 |   128 |   243 ||   463
         Repelled          |       |       |       |     1 ||     1

Table legend:
 A = Non-vault XP
 B = Vault XP
 C = Vault XP percentage of total XP
 D = Non-vault monster count
 E = Vault monster count
 F = Vault count percentage of total count
                 A         B        C        D         E       F
            +---------+---------+-------+---------+---------+-------
      Total |   10431 |    5927 |  36.2 |     204 |      55 |  21.2
            +---------+---------+-------+---------+---------+-------
        D:1 |      74 |       0 |   0.0 |      33 |       0 |   0.0
        D:2 |      84 |       0 |   0.0 |      16 |       0 |   0.0
        D:3 |     208 |       5 |   2.3 |      26 |       2 |   7.1
        D:4 |     352 |     223 |  38.8 |      20 |       2 |   9.1
        D:5 |     499 |     255 |  33.8 |      11 |       2 |  15.4
        D:6 |     855 |       0 |   0.0 |      26 |       0 |   0.0
        D:7 |    1185 |      24 |   2.0 |      22 |       6 |  21.4
        D:8 |    2027 |       0 |   0.0 |      16 |       0 |   0.0
        D:9 |    2961 |    1771 |  37.4 |      20 |       3 |  13.0
       D:10 |    1467 |    1654 |  53.0 |       9 |       2 |  18.2
       D:11 |     719 |     731 |  50.4 |       5 |       4 |  44.4
    Ossuary |       0 |    1264 | 100.0 |       0 |      34 | 100.0
            +---------+---------+-------+---------+---------+-------
